 Dungeon Crawl Stone Soup version 0.27-a0-457-gba82baf56e (webtiles) character file.

Game seed: 15457565685153851996

8 Chiseanne the Magician (level 2, 23/23 HPs)
             Began as a Demonspawn Wanderer on Feb 28, 2021.
             Quit the game on level 1 of the Dungeon.
             The game lasted 00:00:43 (209 turns).

Chiseanne the Magician (Demonspawn Wanderer)         Turns: 209, Time: 00:00:43

Health: 23/23      AC:  3    Str: 12    XL:     2   Next: 0%
Magic:  7/7        EV: 11    Int: 14    God:
Gold:   30         SH:  0    Dex: 11    Spells: 9/9 levels left

rFire    . . .     SeeInvis .   a - +2 hand crossbow
rCold    . . .     Faith    .   (no shield)
rNeg     . . .     Spirit   .   e - +0 robe
rPois    .         Reflect  .   (helmet restricted)
rElec    .         Harm     .   (no cloak)
rCorr    .         Rampage  .   g - +0 pair of gloves
Will     .....                  (no boots)
Stlth    +.........             (no amulet)
HPRegen  0.07/turn              (no ring)
MPRegen  0.10/turn              (no ring)

@: no status effects
A: antennae 1
a: no special abilities


You were on level 1 of the Dungeon.
You visited 1 branch of the dungeon, and saw 1 of its levels.

You collected 30 gold pieces.

Inventory:

Hand Weapons
 a - a +2 hand crossbow (weapon)
 d - a +0 hand axe
Missiles
 b - 21 bolts (quivered ammo)
 c - 23 arrows
 h - 2 stones
Armour
 e - a +0 robe (worn)
 g - a +0 pair of gloves (worn)
Scrolls
 i - a scroll of teleportation {unknown}
Potions
 f - 2 potions of might {unknown}
 j - a potion of resistance {unknown}


   Skills:
 * Level 2.4 Fighting
 - Level 1.0 Crossbows
 - Level 1.0 Throwing
 * Level 1.0 Dodging
 - Level 1.0 Stealth
 - Level 4.0 Spellcasting
 - Level 1.0 Hexes


You had 9 spell levels left.
You didn't know any spells.
Your spell library contained the following spells:

 Spells                   Type           Power        Failure   Level
 Pain                     Necr           8%           19%         1
 Summon Small Mammal      Summ           8%           19%         1
 Summon Guardian Golem    Hex/Summ       4%           43%         3
 Vampiric Draining        Necr           1%           50%         3


Dungeon Overview and Level Annotations

Branches:
Dungeon (1/15)

Altars:


Innate Abilities, Weirdness & Mutations

You have a pair of small antennae on your head.


Message History

No target in view!
No target in view!
No target in view!
No target in view!
No target in view!
No target in view!
No target in view!
No target in view!
b - 24 bolts (gained 1)
You see here a rat corpse.
b - 25 bolts (gained 1)
b - 26 bolts (gained 1)
A bat comes into view.
Found 11 stones.
You shoot a bolt. The bolt hits the bat.
You kill the bat!
No target in view!
No target in view!
No target in view!
No target in view!
No target in view!
No target in view!
No target in view!
A hobgoblin comes into view.
The hobgoblin shouts!
A rat comes into view. x2
You see here 19 arrows.
You shoot a bolt. The bolt barely misses the hobgoblin.
You shoot a bolt. The bolt hits the hobgoblin!
You kill the hobgoblin!
You shoot a bolt. The bolt hits the rat.
The rat is heavily wounded.
You shoot a bolt. The bolt hits the rat.
You kill the rat!
Your Dodging skill increases to level 1!
You have reached level 2!
You feel monstrous as your demonic heritage exerts itself.
Your demonic ancestry asserts itself...
A pair of antennae grows on your head!
Are you sure you want to abandon this character and quit the game? (Confirm with "yes".)

#.....# ##.# #.....#
#.## #.....##### #..# #
#.........# ##.## .###
##........# #..# ... #
#...#....# ##.##.###.#
##...##'######..........
.....##.#....#.#.....#.#
)######.#.##.#.#@r.(.#
.# #.#.##.#.#.#...... .#
#.#.##.#.........( .#
#......###.#.####. .#
######.#### #..(#
+###......# ##. #
..8#......# .
#.##..#...# ..
#.8#.###..#


You could see a rat.

Vanquished Creatures
  A bat (D:1)
  3 hobgoblins (D:1)
  A frilled lizard (D:1)
  A kobold (D:1)
  2 rats (D:1)
8 creatures vanquished.

Notes
Turn   | Place    | Note
-------+----------+-------------------------------------------
     0 | D:1      | Chiseanne the Demonspawn Wanderer began the quest for the
                  | Orb.
     0 | D:1      | Chiseanne set off with the following items: a +2 hand
                  | crossbow, 26 bolts, a +0 robe; and the following spells
                  | available to memorise: Pain, Summon Small Mammal, Summon
                  | Guardian Golem, Vampiric Draining
     0 | D:1      | Reached XP level 1. HP: 16/16 MP: 5/5
   209 | D:1      | Reached skill level 1 in Dodging
   209 | D:1      | Gained mutation: You have a pair of small antennae on your
                  | head. [demonic ancestry]
   209 | D:1      | Reached XP level 2. HP: 23/23 MP: 7/7
   209 | D:1      | Quit the game

Illustrated notes

Levels and vault maps discovered:
D:1:      heliophobic_arrival_ceremonial_halls, layout_basic, minmay_cupped

Skill      XL: |  1 |
---------------+----+-----
Dodging        | 1 |  1.0
Fighting       | |  2.4
Crossbows      | |  1.0
Throwing       | |  1.0
Stealth        | |  1.0
Spellcasting   | |  4.0
Hexes          | |  1.0

Action                   || total
-------------------------++-------
 Fire: Hand crossbow     ||    14

Table legend: (Time is in decaauts)
 A = Elapsed time spent in this place.
 B = Non-inter-level travel time spent in this place.
 C = Inter-level travel time spent in this place.
 D = Time resting spent in this place.
 E = Time spent auto-exploring this place.
 F = Levels seen in this place.
 G = Mean time per level.
                   A        B        C        D        E       F      G
               +--------+--------+--------+--------+--------+-----+--------+
         Total |    215 |    215 |      0 |      0 |    171 |   1 |  215.0 |
       Dungeon |    215 |    215 |      0 |      0 |    171 |   1 |  215.0 |
               +--------+--------+--------+--------+--------+-----+--------+

Top non-repeatable levels by time:
     D:1: 215 daAuts
